 Dungeon Crawl Stone Soup version 0.21.1-1-g345015fe64 (webtiles) character file.

1384 acredodentem the Slasher (level 8, -13/63 HPs)
             Began as a Human Berserker on June 27, 2018.
             Was an Elder of Trog.
             Shot with a sling bullet by Joseph (25 damage)
             ... on level 7 of the Dungeon.
             The game lasted 01:17:59 (9348 turns).

acredodentem the Slasher (Human Berserker)          Turns: 9348, Time: 01:17:59

Health: -13/63     AC:  9    Str: 19    XL:     8   Next: 99%
Magic:  8/8        EV: 12    Int:  8    God:    Trog [****..]
Gold:   169        SH:  4    Dex: 13    Spells: 7/7 levels left

rFire    + . .     SeeInvis .   a - +0 falchion
rCold    . . .     Gourm    .   r - +0 buckler
rNeg     . . .     Faith    .   P - +2 ring mail {rF+}
rPois    .         Spirit   .   e - +0 helmet
rElec    .         Reflect  .   (no cloak)
rCorr    .         Harm     .   (no gloves)
MR       .....                  (no boots)
Stlth    +.........             (no amulet)
HPRegen  0.20/turn              f - ring of wizardry
MPRegen  0.11/turn              (no ring)

@: no status effects
A: no striking features
a: Berserk, Trog's Hand, Brothers in Arms, Burn Spellbooks, Renounce Religion


You were on level 7 of the Dungeon.
You worshipped Trog.
Trog was greatly pleased with you.
You were not hungry.

You visited 1 branch of the dungeon, and saw 7 of its levels.

You collected 313 gold pieces.
You spent 144 gold pieces at shops.

Inventory:

Hand Weapons
 a - a +0 falchion (weapon)
 i - a +0 falchion
 o - a +0 club
 t - a +0 dagger
 B - a +0 trident
 G - a cursed -3 whip
 H - a +0 flail
 J - a +0 blowgun
 K - a +1 short sword of speed
Missiles
 b - 2 exploding tomahawks (quivered)
 g - 119 arrows
 n - 12 sling bullets
 p - 165 stones
 y - 33 bolts
 I - 14 poisoned needles
Armour
 e - a +0 helmet (worn)
 r - a +0 buckler (worn)
 P - a +2 ring mail of fire resistance (worn)
Jewellery
 f - a ring of wizardry (left hand)
Wands
 F - a wand of acid (5)
Scrolls
 d - 4 scrolls of teleportation
 j - a scroll of random uselessness {unknown}
 q - a scroll of enchant armour {unknown}
 u - 3 scrolls of remove curse
 v - a scroll of immolation {unknown}
 w - 3 scrolls of magic mapping
 z - a scroll of blinking {unknown}
 E - a scroll of identify
 L - a scroll of amnesia {unknown}
 N - 2 scrolls of enchant weapon {unknown}
Potions
 h - 2 potions of mutation {unknown}
 k - a potion of agility {unknown}
 l - a potion of might {unknown}
 m - a potion of curing
 s - 4 potions of heal wounds {unknown}
 A - a potion of magic {unknown}
 D - a potion of flight {unknown}
Comestibles
 c - 7 rations


   Skills:
 * Level 5.5 Fighting
 + Level 6.0 Long Blades
 - Level 2.5 Maces & Flails
 + Level 0.9 Throwing
 * Level 4.9 Armour
 * Level 4.4 Dodging
 + Level 1.0 Stealth
 * Level 2.3 Shields


You had 7 spell levels left.
You didn't know any spells.

Dungeon Overview and Level Annotations

Branches:
Dungeon (7/15)             Temple (0/1) D:5

Altars:
Ashenzari
Makhleb
Nemelex Xobeh
Qazlal
Xom

Shops:
D:4 (   D:6 [

Annotations:
D:7 Joseph


Message History

That item cannot be evoked!
Aiming: Corrosive Bolt
Press: ? - help, Shift-Dir - straight line, f/p - Joseph
Aim: Joseph, wielding a hunting sling and wearing a leather armour (moderately wounded)
The bolt of acid misses Joseph.
Joseph shoots a sling bullet.
You block the sling bullet.
Joseph shoots a sling bullet.
The sling bullet closely misses you.
You see here a sling bullet.
Joseph shoots a sling bullet.
The sling bullet hits you!
* * * LOW HITPOINT WARNING * * *
You see here a sling bullet.
That item cannot be evoked!
Aiming: Corrosive Bolt
Press: ? - help, Shift-Dir - straight line, f/p - Joseph
Aim: Joseph, wielding a hunting sling and wearing a leather armour (moderately wounded)
The bolt of acid hits Joseph.
Joseph is splashed with acid.
The acid corrodes Joseph!
Joseph is heavily wounded.
Joseph shoots a sling bullet.
The sling bullet hits you!!
You die...

# ###### ### ### ##(.@.#
#.# ..### ##(###.##
#.##### ....# ##(##
#..######.##.#
#...######.##
#.#...#...)..#
#...##.##.##
##@.....###..###
#......#.@# ##.......#
##.#.#
..........####.####...#
##..# ..............##
#...# #.## .........(....#
#...## ##.##
..............# ##@#..#
##.# ..............#
##..##.## #.#
..............###..####.##
### ..................###
#..####


You could see Joseph.

Vanquished Creatures
  A water moccasin (D:7)
  A sky beast (D:7)
  An ogre (D:7)
  A phantom (D:6)
  3 bullfrogs
  A scorpion (D:6)
  A howler monkey (D:5)
  3 crimson imps
  A centaur zombie (D:6)
  4 hounds
  3 jellies
  3 orc wizards
  2 iguanas
  A killer bee zombie (D:6)
  11 adders
  7 dart slugs
  3 worms
  5 leopard geckos
  15 orcs
  5 bats
  8 giant cockroaches
  6 goblins
  2 hobgoblins
  13 jackals
  5 kobolds
  3 quokkas
  2 ball pythons
  4 frilled lizards
  2 jackal skeletons
  A leopard gecko zombie (D:5)
  10 rats
128 creatures vanquished.

Vanquished Creatures (others)
  An orc wizard (D:3)
1 creature vanquished.

Grand Total: 129 creatures vanquished

Notes
Turn   | Place    | Note
-------+----------+-------------------------------------------
     0 | D:1      | acredodentem the Human Berserker began the quest for the Orb.
     0 | D:1      | Reached XP level 1. HP: 18/18 MP: 1/1
   388 | D:1      | Reached XP level 2. HP: 21/24 MP: 2/2
  1122 | D:1      | Reached XP level 3. HP: 29/29 MP: 3/3
  1713 | D:2      | Reached ** piety under Trog
  1958 | D:2      | Reached XP level 4. HP: 14/35 MP: 4/4
  3188 | D:3      | Reached XP level 5. HP: 41/42 MP: 5/5
  3287 | D:3      | Reached skill level 4 in Long Blades
  3436 | D:3      | Reached *** piety under Trog
  3666 | D:3      | Reached XP level 6. HP: 14/48 MP: 6/6
  4240 | D:3      | Found a shattered altar of Ashenzari.
  4557 | D:4      | Reached skill level 1 in Maces & Flails
  4948 | D:4      | Found a burning altar of Makhleb.
  4949 | D:4      | Noticed a cacodemon
  5339 | D:4      | Found Helymoss's Weapon Shoppe.
  5576 | D:4      | Noticed a neqoxec
  5576 | D:4      | Noticed a hellwing
  5623 | D:5      | Entered Level 5 of the Dungeon
  5953 | D:5      | Found a staircase to the Ecumenical Temple.
  6015 | D:5      | Reached XP level 7. HP: 51/55 MP: 7/7
  6746 | D:6      | Reached skill level 5 in Long Blades
  7222 | D:6      | Reached skill level 5 in Fighting
  7389 | D:6      | Reached **** piety under Trog
  7556 | D:6      | Reached XP level 8. HP: 62/62 MP: 8/8
  7723 | D:6      | Found Afeg's Antique Armour Shop.
  7736 | D:6      | Bought a buckler for 144 gold pieces
  8087 | D:7      | Reached skill level 1 in Shields
  8212 | D:7      | Found a shimmering altar of Xom.
  8217 | D:7      | Found a stormy altar of Qazlal.
  8223 | D:7      | Found a sparkling altar of Nemelex Xobeh.
  9047 | D:7      | Reached skill level 1 in Stealth
  9135 | D:7      | Reached skill level 6 in Long Blades
  9210 | D:7      | Noticed Joseph
  9348 | D:7      | Shot with a sling bullet by Joseph

Skill      XL: |  1  2  3  4  5  6  7  8 |
---------------+-------------------------+-----
Long Blades    | 4 5 6 |  6.0
Dodging        | 3 4 |  4.4
Fighting       | 4 5 |  5.5
Maces & Flails | 1 2 |  2.5
Armour         | 3 4 |  4.9
Shields        | 2 |  2.3
Stealth        | 1 |  1.0
Throwing       | |  0.9

Action                   |  1- 3 |  4- 6 |  7- 9 || total
-------------------------+-------+-------+-------++-------
Melee: Falchion          |    93 |   243 |   280 ||   616
Throw: Stone             |     1 |       |     2 ||     3
       Tomahawk          |       |       |     2 ||     2
Evoke: Wand              |       |     1 |     3 ||     4
  Use: Potion            |       |     2 |     1 ||     3
       Scroll            |       |     6 |     4 ||    10
  Eat: Chunk             |     3 |    10 |     2 ||    15
       Ration            |       |     1 |     3 ||     4
Armor: Animal skin       |    23 |     2 |       ||    25
       Leather armour    |       |     5 |       ||     5
       Scale mail        |       |    56 |       ||    56
       Ring mail         |       |    20 |    94 ||   114
Dodge: Dodged            |    55 |   143 |   153 ||   351
Block: Buckler           |       |       |    27 ||    27
       Rpst.: Falchion   |    15 |    41 |    56 ||   112
